Map: Zen LE

Players

Gundamsystem

  • Race: Terran Terran
  • League: Silver
  • Spawn Location: 1:00

antagomiR - Winner!

  • Race: Protoss Protoss
  • League: Gold
  • Spawn Location: 7:00

VOD

Have the link to the VOD?

Description

Time

  • Played on: April 12, 2020, 2:41 p.m.
  • Length: 24:03
Show
View Real Time Build Order
Export as new Build Order

Gundamsystem Terran 

Build Orders:  

Get SALT Encoding   

  12  0:01  SCV  
  13  0:13  SCV  
  14  0:20  Supply Depot  
  14  0:25  SCV  
  15  0:42  SCV  
  16  0:43  Barracks  
  16  0:54  SCV  
  16  0:55  Barracks  
  17  1:06  SCV  
  17  1:07  Refinery  
  18  1:18  SCV  
  19  1:27  Refinery  
  19  1:30  SCV  
  19  1:32  Marine  
  21  1:47  SCV  
  21  1:48  Supply Depot  
  21  1:50  Marine  
  23  1:55  Barracks Tech Lab  
  23  2:09  SCV  
  23  2:14  Bunker  
  24  2:17  Marauder  
  24  2:18  Concussive Shells  
  26  2:23  SCV  
  26  2:28  Factory  
  27  2:33  Barracks Reactor  
  27  2:40  SCV  
  28  2:44  Supply Depot  
  28  2:49  Marauder  
  30  2:54  Orbital Command  
  30  3:11  Marine x2  
  32  3:18  Widow Mine  
  34  3:24  Starport  
  34  3:28  Engineering Bay  
  34  3:33  Marauder  
  36  3:51  Factory Tech Lab  
  36  3:58  Supply Depot  
  36  4:05  Marine x2  
  38  4:14  Supply Depot  
  38  4:20  Medivac  
  37  4:57  Siege Tank  
  40  5:15  Command Center  
  40  5:29  Starport Tech Lab  
  40  5:31  Bunker  
  40  5:37  Siege Tank  
  40  5:39  Marine x2  
  40  5:41  Marauder  
  47  6:00  Banshee  
  47  6:01  Cloaking Field  
  47  6:04  Marine x2  
  50  6:05  Marauder  
  54  6:23  Sensor Tower  
  54  6:27  Widow Mine  
  56  6:52  SCV  
  57  6:55  SCV  
  58  7:04  SCV  
  58  7:07  SCV  
  58  7:16  SCV  
  58  7:19  SCV  
  58  7:21  Bunker  
  55  7:28  SCV  
  56  7:31  SCV  
  57  7:38  Refinery  
  57  7:40  SCV  
  57  7:42  Missile Turret  
  57  7:43  SCV  
  52  7:46  Marine  
  52  7:47  Marauder, Marine  
  56  7:52  SCV  
  56  7:53  Banshee  
  56  7:56  Hyperflight Rotors  
  56  7:57  Siege Tank  
  63  8:04  SCV, Marine x2  
  66  8:09  Marauder  
  68  8:19  Supply Depot, Missile Turret  
  68  8:25  Supply Depot  
  68  8:29  Widow Mine  
  68  8:32  Orbital Command  
  70  8:41  Banshee  
  73  8:45  Supply Depot  
  73  8:46  Armory, Hi-Sec Auto Tracking  
  73  8:53  Bunker  
  73  8:56  Siege Tank  
  76  9:20  Missile Turret  
  76  9:25  Missile Turret  
  76  9:27  Banshee  
  79  9:33  Terran Ship Weapons Level 1  
  79  9:35  Supply Depot  
  79  9:44  Terran Infantry Weapons Level 1  
  79  9:45  Supply Depot  
  79  9:55  Marine x2  
  79  9:56  Marauder  
  83  10:01  Missile Turret  
  83  10:07  Bunker  
  83  10:18  Marauder  
  83  10:20  Missile Turret  
  85  10:22  Missile Turret  
  85  10:23  Missile Turret  
  85  10:32  Supply Depot  
  85  10:39  Corvid Reactor  
  85  10:41  Raven  
  87  11:10  Command Center  
  87  11:19  Starport  
  87  11:21  Fusion Core  
  87  11:27  Terran Vehicle And Ship Armor Level 1  
  87  11:39  Marine  
  87  11:40  Marauder, Marine  
  87  11:41  Bunker  
  97  11:49  Cyclone  
  97  11:52  Mag-Field Accelerator  
  94  11:57  Marine x2  
  94  11:58  Starport Tech Lab  
  96  12:01  Supply Depot  
  96  12:02  Marauder  
  98  12:12  Refinery  
  98  12:23  Marauder  
  98  12:26  Planetary Fortress  
  100  12:32  Missile Turret  
  100  12:35  Missile Turret  
  100  12:36  Missile Turret x2  
  100  12:37  SCV x2  
  102  12:45  Marauder  
  102  12:47  Missile Turret, Marine x2  
  102  12:49  SCV x2, Sensor Tower  
  108  13:01  SCV x2  
  108  13:05  Marine x2  
  111  13:06  Marauder  
  114  13:13  SCV x2  
  116  13:23  Marine x2  
  116  13:25  SCV  
  116  13:26  SCV, Terran Ship Weapons Level 2  
  120  13:27  Marauder  
  120  13:32  Drilling Claws  
  122  13:49  Marauder  
  124  14:10  Marauder  
  126  14:20  SCV, Refinery  
  126  14:21  Refinery  
  126  14:22  SCV x2  
  129  14:33  SCV  
  129  14:34  SCV x2  
  132  14:39  Liberator x2  
  132  14:42  Advanced Ballistics  
  138  14:46  SCV  
  139  14:59  SCV  
  140  15:03  Supply Depot x2  
  140  15:04  Supply Depot  
  140  15:06  Supply Depot  
  140  15:07  Supply Depot  
  140  15:16  Supply Depot  
  140  15:18  Supply Depot  
  140  15:24  Cyclone  
  143  15:38  Liberator x2  
  143  15:41  Terran Infantry Weapons Level 2  
  143  15:42  Supply Depot, Terran Vehicle And Ship Armor Level 2  
  149  15:56  Cyclone  
  131  16:57  Battlecruiser x2  
  149  17:43  Command Center  
  149  17:57  Terran Infantry Armor Level 1  
  143  17:59  Orbital Command  
  143  18:28  Battlecruiser x2  
  155  19:50  Refinery  
  155  19:52  Refinery  
  155  20:04  Planetary Fortress  
  132  20:58  Cyclone  
  135  21:43  Sensor Tower  
  135  21:50  Marine x2  
  135  21:53  Marauder  
  104  23:09  Viking x2  
Show
View Real Time Build Order
Export as new Build Order

antagomiR Protoss - Winner!

Build Orders: 1 Gate Expand, Chargelot Immortal 

Get SALT Encoding   

  12  0:01  Probe  
  13  0:13  Probe  
  14  0:19  Pylon  
  14  0:25  Probe  
  15  0:41  Gateway  
  15  0:42  Probe (Chrono Boost)  
  16  0:54  Probe (Chrono Boost), Assimilator  
  17  0:59  Probe (Chrono Boost)  
  18  1:09  Probe  
  19  1:21  Probe  
  20  1:32  Cybernetics Core  
  20  1:44  Nexus  
  20  1:49  Pylon  
  20  1:54  Probe  
  21  2:06  Probe, Assimilator  
  22  2:19  Probe  
  22  2:21  Warp Gate (Chrono Boost)  
  23  2:25  Adept  
  25  2:31  Probe  
  26  2:37  Robotics Facility  
  26  2:43  Probe  
  27  2:50  Pylon  
  27  2:55  Probe, Stalker  
  27  2:57  Probe  
  31  3:11  Gateway  
  31  3:12  Gateway  
  31  3:15  Probe  
  31  3:29  Sentry  
  31  3:32  Observer (Chrono Boost)  
  34  3:43  Probe x2  
  36  3:55  Probe  
  37  4:01  Probe  
  38  4:07  Probe, Immortal  
  43  4:17  Pylon  
  43  4:20  Pylon  
  43  4:21  Sentry  
  45  4:26  Pylon  
  45  4:33  Stalker x2  
  47  4:52  Stalker  
  47  5:05  Immortal  
  47  5:07  Zealot, Assimilator  
  51  5:09  Zealot  
  51  5:10  Assimilator  
  51  5:12  Probe x2  
  57  5:24  Probe x2  
  59  5:32  Stalker x2  
  63  5:36  Probe x2  
  65  5:48  Probe  
  66  5:53  Sentry  
  68  6:02  Twilight Council  
  68  6:06  Pylon  
  68  6:10  Pylon  
  68  6:20  Nexus  
  68  6:23  Immortal  
  68  6:24  Pylon  
  72  6:26  Probe x2, Pylon  
  72  6:32  Gateway  
  74  6:34  Gateway  
  73  7:02  Immortal  
  73  7:03  Probe x2  
  73  7:04  Pylon  
  73  7:07  Pylon  
  79  7:13  Stalker  
  80  7:15  Probe  
  80  7:16  Probe  
  80  7:19  Zealot x2  
  80  7:20  Charge (Chrono Boost)  
  86  7:28  Probe x2  
  86  7:40  Probe x2  
  86  7:44  Shield Battery x2  
  86  7:53  Forge  
  86  7:56  Probe  
  86  7:57  Probe x2  
  89  7:58  Forge  
  89  7:59  Immortal  
  93  8:09  Probe x2  
  94  8:19  Probe  
  93  8:21  Probe x2  
  93  8:22  Assimilator  
  93  8:24  Zealot x2  
  93  8:25  Zealot, Assimilator  
  101  8:29  Protoss Ground Weapons Level 1 (Chrono Boost)  
  101  8:31  Probe  
  101  8:33  Probe  
  103  8:34  Photon Cannon  
  103  8:49  Pylon  
  103  8:55  Gateway  
  103  8:57  Immortal  
  103  8:59  Pylon, Gateway  
  103  9:02  Zealot x3  
  113  9:06  Probe x3  
  116  9:18  Probe x2  
  116  9:21  Stalker x2  
  122  9:25  Protoss Ground Armor Level 1 (Chrono Boost)  
  122  9:28  Phoenix  
  122  9:40  Templar Archives  
  122  9:44  Zealot x3  
  128  9:50  Pylon  
  128  9:51  Pylon  
  128  9:54  Pylon  
  128  10:12  Probe x2  
  130  10:15  Probe  
  131  10:24  Probe x2  
  131  10:27  Probe  
  134  10:29  High Templar x3  
  134  10:30  High Templar  
  134  10:31  High Templar x3  
  134  10:33  Archon  
  134  10:34  Archon  
  134  10:35  Archon  
  148  10:36  Probe x2  
  150  10:48  Probe  
  152  11:00  Stargate  
  152  11:01  Stargate  
  151  11:43  Protoss Ground Weapons Level 2 (Chrono Boost)  
  151  11:44  Protoss Ground Armor Level 2 (Chrono Boost)  
  151  11:45  Pylon  
  151  11:46  Pylon  
  151  11:48  Pylon  
  151  11:50  Pylon  
  151  11:51  Pylon  
  151  12:04  Observer  
  151  12:07  Zealot x2  
  151  12:08  Zealot x3  
  162  12:15  Photon Cannon  
  162  12:16  Photon Cannon  
  162  12:20  Nexus  
  162  12:26  Observer  
  163  12:32  Nexus  
  163  12:37  Pylon  
  163  12:39  Probe x2, Pylon  
  165  12:47  Observer  
  167  12:51  Probe x2  
  168  12:58  Shield Battery  
  168  13:00  Shield Battery  
  168  13:02  Photon Cannon  
  168  13:04  Photon Cannon  
  168  13:08  Photon Cannon  
  168  13:09  Photon Cannon  
  168  13:11  Stalker  
  168  13:12  Stalker x4  
  178  13:13  Stalker  
  178  13:15  Assimilator  
  181  13:20  Probe x2, Assimilator  
  181  14:13  Fleet Beacon  
  181  14:28  Photon Cannon  
  181  14:30  Photon Cannon  
  181  14:34  Photon Cannon  
  181  14:35  Stalker x4  
  181  14:36  Stalker, Photon Cannon  
  191  15:20  Stalker x3  
  197  15:41  Pylon  
  196  15:44  Pylon  
  196  15:45  Pylon  
  174  16:14  Pylon  
  146  16:18  Pylon  
  119  16:37  Stalker x3  
  119  16:38  Stalker x4  
  123  16:44  Pylon  
  123  16:45  Observer  
  116  17:01  Sentry x2  
  118  17:07  Tempest x2, Observer  
  129  17:14  Stalker  
  129  17:15  Stalker x4  
  139  17:28  Observer  
  140  17:43  Nexus  
  140  17:47  Tempest x2 (Chrono Boost)  
  150  18:00  Pylon x2  
  150  18:04  Pylon  
  150  18:14  Stalker x2  
  150  18:15  Stalker, Stargate  
  156  18:23  Tempest x2  
  166  18:38  Pylon  
  166  18:39  Stalker x5  
  166  18:40  Stalker x2, Pylon  
  180  18:58  Blink  
  180  19:06  Tempest x2  
  184  19:22  Tempest  
  189  19:41  Observer  
  188  19:48  Tempest  
  188  19:49  Tempest  
  190  20:31  Tempest  
  168  20:46  Stalker  
  168  20:47  Stalker x4  
  168  20:48  Stalker x2  
  176  20:57  Tempest x2  
  186  21:14  Tempest  
  191  21:21  Sentry  
  191  21:40  Tempest  
  191  21:44  Stalker  
  186  22:01  Stalker x2  
  186  22:02  Stalker x3  
  196  22:14  Stalker x2  
  186  22:22  Tempest  
  180  22:48  Stalker x4  
  180  22:49  Stalker x3  
Tags
 
Matchup
PvT
Replay Pack
20200422
Spawn Locations
Cross Positions
Add a new tag
Caveats
  • Supply blocks, unpowered buildings, or Contaminate may cause inaccurate times.
  • Supply counts are checked every 10 seconds.